Map: LotV Custom - Nimbus LE - Archon Mode

Players

Agito

  • Race: Zerg Zerg
  • League: Gold
  • Spawn Location: 7:00

Mejkstar - Winner!

  • Race: Zerg Zerg
  • League: Gold
  • Spawn Location: 1:00

Xsanon - Winner!

  • Race: Terran Terran

Hindulaatti - Winner!

  • Race: Terran Terran
  • League: Platinum

SunnyDay

  • Race: Terran Terran

Tummeupp

  • Race: Zerg Zerg

VOD

Have the link to the VOD?

Description

Time

  • Played on: Dec. 15, 2014, 9:55 a.m.
  • Length: 10:30
Show
View Real Time Build Order
Export as new Build Order

Agito Zerg 

Build Orders: Hatch First, Muta Ling Bane 

Get SALT Encoding   

  12  0:01  Drone  
  13  0:11  Drone  
  14  0:19  Overlord  
  14  0:40  Drone  
  15  0:46  Hatchery  
  15  0:49  Drone  
  15  0:53  Drone  
  16  0:57  Drone  
  17  1:07  Drone  
  18  1:16  Spawning Pool  
  17  1:19  Drone  
  17  1:24  Drone  
  19  1:31  Extractor  
  18  1:34  Drone  
  19  1:59  Drone x3  
  22  2:08  Drone  
  22  2:09  Drone, Queen  
  26  2:17  Queen  
  26  2:20  Drone  
  28  2:27  Overlord  
  28  2:33  Overlord  
  28  2:36  Metabolic Boost  
  28  2:43  Overlord  
  28  2:46  Zergling x2  
  29  2:52  Zergling x6  
  32  2:59  Queen  
  32  3:04  Zergling x4  
  36  3:24  Roach Warren  
  36  3:27  Drone x6  
  43  3:34  Drone x3  
  44  3:45  Drone x2, Overlord  
  44  3:47  Drone  
  47  3:53  Overlord  
  47  3:55  Drone  
  47  3:56  Drone x2  
  47  3:59  Extractor  
  47  4:01  Overlord, Extractor  
  48  4:05  Extractor  
  48  4:08  Lair  
  47  4:29  Roach  
  47  4:30  Roach x7  
  63  4:37  Drone x3  
  65  5:05  Drone x4  
  65  5:06  Drone  
  70  5:08  Drone x4  
  70  5:09  Drone, Baneling Nest  
  70  5:13  Drone x2  
  76  5:16  Overlord  
  76  5:22  Overseer  
  76  5:25  Spire  
  76  5:27  Overlord  
  75  5:33  Overseer  
  75  5:37  Overlord x2  
  75  6:12  Hatchery, Overlord  
  74  6:36  Mutalisk x10  
  87  6:52  Drone  
  87  6:53  Drone x11  
  97  6:56  Zergling x2  
  97  6:57  Zergling x2, Spine Crawler  
  97  6:58  Spine Crawler  
  89  7:03  Spine Crawler x2  
  89  7:05  Spine Crawler  
  78  7:14  Mutalisk  
  78  7:15  Mutalisk  
  76  7:23  Mutalisk  
  76  7:26  Zerg Flyer Weapons Level 1  
  78  7:31  Mutalisk  
  78  7:34  Drone  
  78  7:35  Drone x2  
  83  7:43  Drone x2, Spore Crawler  
  83  7:44  Drone  
  81  7:46  Drone  
  81  7:47  Spore Crawler  
  79  7:54  Mutalisk x2  
  79  8:03  Mutalisk  
  81  8:12  Hatchery  
  80  8:29  Mutalisk x3  
  80  8:30  Zergling x26  
  93  8:49  Queen  
  93  8:51  Centrifical Hooks  
  93  8:52  Extractor  
  93  8:53  Drone x8, Extractor  
  101  8:56  Drone  
  102  9:06  Mutalisk x2  
  102  9:07  Mutalisk  
  107  9:11  Roach  
  107  9:16  Zergling x2  
  110  9:17  Zergling x8  
  110  9:18  Baneling x3  
  110  9:19  Zergling x2  
  110  9:20  Zergling x2  
  116  9:28  Hydralisk Den  
  116  9:30  Drone  
  72  9:49  Zergling x18  
Show
View Real Time Build Order
Export as new Build Order

Mejkstar Zerg - Winner!

Build Orders:  

Get SALT Encoding   

  12  0:01  SCV  
  13  0:13  SCV  
  14  0:18  Supply Depot  
  14  0:29  SCV  
  14  0:31  Supply Depot  
  15  0:45  Barracks  
  15  0:47  SCV  
  16  0:59  SCV  
  17  1:15  SCV  
  18  1:28  Command Center  
  18  1:33  SCV  
  18  1:35  Marine  
  20  1:45  SCV  
  21  1:47  Supply Depot  
  21  1:53  Marine  
  22  1:59  SCV  
  23  2:03  Refinery  
  23  2:11  SCV  
  23  2:15  Marine  
  25  2:23  Orbital Command  
  25  2:33  Marine  
  26  2:40  SCV  
  27  2:49  SCV  
  28  2:52  Marine  
  28  2:54  Refinery  
  30  2:59  Orbital Command  
  30  3:01  SCV  
  30  3:09  Command Center  
  31  3:13  Marine, SCV  
  32  3:25  SCV  
  33  3:29  Factory, Supply Depot  
  33  3:30  SCV  
  33  3:31  Marine  
  35  3:37  SCV  
  36  3:42  SCV  
  37  3:49  SCV  
  37  3:50  Marine  
  39  3:56  Refinery  
  39  4:03  SCV  
  39  4:07  Barracks  
  39  4:08  Refinery  
  40  4:10  Marine  
  40  4:11  Bunker, SCV, Barracks  
  40  4:15  Factory Reactor, SCV  
  40  4:16  Starport  
  43  4:19  Bunker  
  43  4:23  SCV  
  43  4:24  SCV  
  45  4:28  Barracks Tech Lab  
  44  4:38  Orbital Command  
  44  4:40  SCV  
  44  4:41  SCV  
  46  4:51  Stimpack  
  49  4:52  Refinery, SCV  
  49  4:53  SCV  
  49  4:55  Refinery  
  49  4:57  Barracks Reactor  
  49  4:58  Barracks Reactor  
  51  5:03  SCV  
  51  5:05  Medivac, SCV x2  
  51  5:06  Medivac  
  58  5:12  Supply Depot  
  58  5:15  SCV  
  58  5:17  SCV x2  
  58  5:21  Unknown  
  61  5:27  SCV  
  65  5:29  SCV  
  65  5:31  SCV  
  65  5:34  Marine x4  
  65  5:35  Medivac  
  73  5:37  Engineering Bay  
  73  5:39  SCV  
  73  5:41  SCV  
  75  5:44  SCV  
  75  5:48  Supply Depot  
  76  5:52  Supply Depot, SCV  
  76  5:53  Supply Depot, Unknown, SCV  
  76  5:54  Supply Depot  
  76  5:55  Marine  
  76  5:56  Marine, SCV  
  76  5:57  Marine  
  85  6:10  Marine, SCV  
  87  6:20  Supply Depot  
  87  6:21  Unknown, Terran Infantry Weapons Level 1  
  87  6:22  Supply Depot, SCV  
  87  6:25  Engineering Bay  
  88  6:26  Medivac  
  88  6:27  Medivac  
  88  6:28  Armory  
  92  6:33  Marine x2, SCV  
  92  6:34  Marine x2  
  92  6:38  SCV  
  101  6:45  SCV  
  102  6:49  Supply Depot x2  
  102  6:50  SCV  
  102  6:52  Factory Tech Lab  
  102  6:53  Marine x3  
  102  6:54  Marine  
  106  6:56  Medivac x2  
  111  7:03  Unknown  
  111  7:04  SCV x3  
  117  7:11  Marine  
  117  7:14  Cyclone  
  115  7:16  SCV  
  115  7:17  Marine x3  
  115  7:19  Terran Vehicle and Ship Weapons Level 1  
  119  7:23  Missile Turret, SCV  
  119  7:24  Missile Turret  
  119  7:28  Missile Turret, SCV  
  119  7:29  Marine  
  122  7:30  Missile Turret  
  122  7:32  Unknown  
  122  7:35  SCV  
  122  7:36  Missile Turret  
  123  7:37  Missile Turret  
  123  7:40  SCV  
  123  7:47  SCV  
  124  7:53  SCV  
  125  7:59  Marine  
  125  8:00  Marine x3, SCV  
  125  8:01  Medivac  
  125  8:02  Medivac  
  125  8:04  Factory Tech Lab  
  138  8:05  SCV  
  138  8:10  Missile Turret  
  138  8:12  Missile Turret, SCV  
  139  8:14  SCV  
  139  8:17  Marine, SCV  
  141  8:27  SCV  
  142  8:29  Missile Turret, Unknown, SCV  
  142  8:31  Command Center  
  142  8:32  Missile Turret  
  143  8:34  Missile Turret x2, SCV  
  143  8:37  Barracks  
  143  8:39  Medivac x2  
  143  8:40  Barracks  
  148  8:41  Unknown  
  148  8:42  SCV  
  148  8:46  Supply Depot  
  148  8:47  Supply Depot x2  
  149  8:49  Marine x4  
  149  8:50  Cyclone, SCV  
  149  8:55  Combat Shields  
  157  8:58  Missile Turret  
  157  9:07  Marine x2, SCV  
  160  9:20  Missile Turret, SCV  
  160  9:23  Marine x2  
  160  9:24  Marine, SCV  
  164  9:25  Marine, SCV  
  164  9:26  Marauder, Cyclone  
  164  9:27  Medivac x2  
  176  9:32  SCV  
  176  9:37  SCV x2  
  174  9:41  Marine x3  
  174  9:43  Marine  
  174  9:44  SCV  
  164  9:47  Marauder  
  164  9:49  Orbital Command, SCV  
  164  9:52  Missile Turret  
  164  9:53  Missile Turret  
  164  9:54  Missile Turret  
  164  9:56  SCV  
  164  9:59  Marine  
  166  10:00  Missile Turret  
  166  10:09  SCV  
  166  10:11  Marine x2  
  166  10:12  Marine  
  166  10:13  Barracks Reactor x2  
  177  10:15  SCV  
  182  10:30  Refinery  
Show
View Real Time Build Order
Export as new Build Order

Xsanon Terran - Winner!

Build Orders:  

Get SALT Encoding   

Show
View Real Time Build Order
Export as new Build Order

Hindulaatti Terran - Winner!

Build Orders:  

Get SALT Encoding   

Show
View Real Time Build Order
Export as new Build Order

SunnyDay Terran 

Build Orders:  

Get SALT Encoding   

Show
View Real Time Build Order
Export as new Build Order

Tummeupp Zerg 

Build Orders:  

Get SALT Encoding   

Tags
 
Add a new tag
Caveats
  • Supply blocks, unpowered buildings, or Contaminate may cause inaccurate times.
  • Supply counts are checked every 10 seconds.